 Dungeon Crawl Stone Soup version 0.28-a0-1396-gdcb3f3653b (webtiles) character file.

Game seed: 12363608845163101585

1 MacCMillion the Skirmisher (level 1, -3/18 HPs)
             Began as a Demonspawn Fighter on Jan 5, 2022.
             Frozen to death by an endoplasm (4 damage)
             ... on level 1 of the Dungeon.
             The game lasted 00:01:44 (67 turns).

MacCMillion the Skirmisher (Demonspawn Fighter)       Turns: 67, Time: 00:01:45

Health: -3/18      AC:  6    Str: 16    XL:     1   Next: 16%
Magic:  1/1        EV:  9    Int:  9    God:
Gold:   0          SH:  4    Dex: 12    Spells: 0/0 levels left

rFire   . . .      SeeInvis .   a - +0 rapier
rCold   . . .      Faith    .   c - +0 buckler
rNeg    . . .      Spirit   .   b - +0 scale mail
rPois   .          Reflect  .   (no helmet)
rElec   .          Harm     .   (no cloak)
rCorr   .          Rampage  .   (no gloves)
Will    .....                   (no boots)
Stlth   ..........              (no amulet)
HPRegen 0.06/turn               (no ring)
MPRegen 0.07/turn               (no ring)

@: no status effects
A: no striking features
a: no special abilities


You were on level 1 of the Dungeon.
You visited 1 branch of the dungeon, and saw 1 of its levels.

Inventory:

Hand Weapons
 a - a +0 rapier (weapon)
Armour
 b - a +0 scale mail (worn)
 c - a +0 buckler (worn)
Potions
 d - a potion of might


   Skills:
 + Level 3.0 Fighting
 + Level 1.8 Short Blades
 + Level 2.7 Armour
 + Level 2.7 Shields


You couldn't memorise any spells.
You didn't know any spells.
Your spell library was empty.

Dungeon Overview and Level Annotations

Branches:
Dungeon (1/15)

Altars:


Message History

You closely miss the rat.
The gnoll shouts!
You block the rat's attack.
You closely miss the rat. The rat bites you but does no damage.
The endoplasm freezes you.
You are frozen.
You barely miss the rat. The rat bites you. The endoplasm freezes you.
You are frozen.
A kobold comes into view. It is wielding a +0 dagger.
The rat bites you.
The kobold shouts!
The endoplasm hits you but does no damage.
You see here a quokka corpse.
Found a hand axe.
An endoplasm comes into view.
The endoplasm quivers.
You hit the endoplasm.
The endoplasm is almost dead.
The endoplasm freezes you.
You are frozen.
* * * LOW HITPOINT WARNING * * *
The endoplasm hits you but does no damage.
You barely miss the endoplasm.
The endoplasm is almost dead.
You block the endoplasm's attack.
The endoplasm jiggles.
A bat comes into view.
The kobold closely misses you.
A dart slug comes into view.
You block the bat's attack. The bat hits you but does no damage.
You barely miss the kobold. The bat barely misses you.
You block the kobold's attack.
The endoplasm hits you but does no damage.
You closely miss the kobold. You block the bat's attack.
The kobold hits you with a +0 dagger.
* * * LOW HITPOINT WARNING * * *
The endoplasm freezes you.
You are frozen.
You die...

.#...#...#.. # ..#...#...#.
# .#...#...#.. ####.
..#...#..## #....###..#.....
..w.#....K..# ....##Jg..#
###############..##.#.)###.#
...#...≈≈≈≈.).#b@##.#......#
<..#..........#.KJJ.#g##.###
...#....≈≈....#8.g###K# #
####...)......'...# #.#
♣♣.'..........'...###r#
♣.♣#..........'.......#
♣.♣#....≈≈....#8†######
.♣♣#..§..§....#...## # ♣♣
#..§§§§≈...#...g####...#


You could see a gnoll, a dart slug, 2 endoplasms, a bat and a kobold.

Vanquished Creatures
  A quokka (D:1)
1 creature vanquished.

Notes
Turn   | Place    | Note
-------+----------+-------------------------------------------
     0 | D:1      | MacCMillion the Demonspawn Fighter began the quest for the
                  | Orb.
     0 | D:1      | Reached XP level 1. HP: 18/18 MP: 1/1
    67 | D:1      | Frozen to death by an endoplasm

Illustrated notes

Levels and vault maps discovered:
D:1:      scummos_arrival_gate, layout_loops_corners,
          hellmonk_ecumenical_altar_watching_god, ebering_dispersal_statue_hall,
          minmay_parallelograms, hex_large, serial_park_tiny_1,
          minmay_tetromino_o4

Action                   || total
-------------------------++-------
Melee: Rapier            ||    10
Armor: Scale mail        ||     5
Dodge: Dodged            ||     4
Block: Buckler           ||     6

Table legend: (Time is in decaauts)
 A = Elapsed time spent in this place.
 B = Non-inter-level travel time spent in this place.
 C = Inter-level travel time spent in this place.
 D = Time resting spent in this place.
 E = Time spent auto-exploring this place.
 F = Levels seen in this place.
 G = Mean time per level.
                   A        B        C        D        E       F      G
               +--------+--------+--------+--------+--------+-----+--------+
         Total |     68 |     68 |      0 |      0 |     31 |   1 |   68.0 |
       Dungeon |     68 |     68 |      0 |      0 |     31 |   1 |   68.0 |
               +--------+--------+--------+--------+--------+-----+--------+

Top non-repeatable levels by time:
     D:1: 68 daAuts
